AoeStats
← Strangelyluke

Arabia

510716839Analyzed
3v3 RM · 16h ago on Oct 2, 2026· 83m 35s· 6 players
Game mode
Random Map
Map size
Normal (6 player)
Population
200
Speed
Normal
Resources
Standard
Victory
Conquest
Starting age
Dark Age
Ending age
Imperial Age
RankedLock teamsTeams togetherTeam positionsShared explorationLock speedFull tech treeHidden civsTurbo modeCheats
Victory
Defeat
🇳🇿 Mongols · New Zealand
904
+31
🇳🇿 Poles · New Zealand
672
+17
🇳🇿 Persians · New Zealand
656
+17
🇦🇷 Celts · Argentina
733
-15
🇨🇳 Khmer · China
728
-15
🇦🇺 Huns · Australia
677
-13
Strangelyluke
7:07 Loom
10:21 Feudal Age
12:46 Wheelbarrow
12:00 Town Watch
12:07 Double-Bit Axe
18:57 Castle Age
18:45 Horse Collar
22:38 Fletching
22:57 Scale Mail Armor
22:59 Padded Archer Armor
23:06 Scale Barding Armor
24:13 Squires
28:44 Stone Mining
28:27 Pikeman
30:21 Bow Saw
30:20 Heavy Plow
30:21 Gold Mining
31:48 Hand Cart
31:39 Arson
33:12 Husbandry
33:29 Bloodlines
38:52 Imperial Age
35:54 Light Cavalry
37:21 Gold Shaft Mining
37:19 Chain Barding Armor
37:18 Forging
37:48 Bodkin Arrow
38:09 Chain Mail Armor
38:11 Leather Archer Armor
37:25 Man-at-Arms
40:00 Conscription
39:01 Elite Tarkan
40:53 Iron Casting
40:19 Bracer
40:55 Plate Barding Armor
41:22 Marauders
53:15 Two-Man Saw
53:38 Caravan
59:36 Elite Skirmisher
60:24 Thumb Ring
61:28 Parthian Tactics
62:23 Crossbowman
64:09 Blast Furnace
64:36 Guilds
69:52 Hussar
Nahue
2:28 Loom
9:54 Feudal Age
10:45 Double-Bit Axe
10:43 Horse Collar
休闲海
9:14 Loom
11:52 Feudal Age
13:16 Double-Bit Axe
19:02 Castle Age
18:49 Stone Mining
22:28 Stone Shaft Mining
22:11 Bow Saw
27:07 Fortified Wall
29:34 Wheelbarrow
29:44 Gold Mining
31:32 Hand Cart
33:22 Gold Shaft Mining
36:35 Horse Collar
39:33 Imperial Age
38:21 Forging
38:12 Scale Mail Armor
38:18 Scale Barding Armor
39:21 Tusk Swords
40:02 Iron Casting
39:33 Scale Barding Armor
39:52 Ballistics
39:13 Crossbowman
41:54 Elite Ballista Elephant
42:35 Double Crossbow
43:58 Blast Furnace
42:56 Fletching
44:36 Chemistry
43:48 Masonry
48:46 Elite Battle Elephant
65:41 Padded Archer Armor
67:40 Architecture
jz(u)jhu
6:45 Loom
26:34 Feudal Age
34:39 Castle Age
39:34 Double-Bit Axe
43:05 Thumb Ring
42:24 Crossbowman
53:37 Imperial Age
65:53 Pikeman
66:37 Squires
66:46 Squires
66:38 Arson
67:36 Halberdier
PinkPanther
13:02 Feudal Age
14:29 Wheelbarrow
13:43 Double-Bit Axe
13:40 Horse Collar
20:58 Castle Age
20:20 Stone Mining
20:49 Man-at-Arms
24:26 Long Swordsman
26:28 Gold Mining
27:17 Stone Shaft Mining
27:02 Hand Cart
32:55 Pikeman
33:37 Squires
39:31 Imperial Age
41:30 Elite Mangudai
47:58 Fletching
48:08 Padded Archer Armor
48:15 Scale Barding Armor
48:49 Gold Shaft Mining
48:44 Bodkin Arrow
49:57 Bloodlines
49:47 Husbandry
50:21 Two-Handed Swordsman
51:37 Conscription
52:16 Chain Barding Armor
52:12 Leather Archer Armor
51:58 Bracer
66:13 Scale Mail Armor
66:23 Forging
82:09 Spies/Treason
Mystery Meat
10:57 Feudal Age
12:07 Double-Bit Axe
12:04 Horse Collar
16:24 Wheelbarrow
16:17 Bloodlines
21:25 Castle Age
20:00 Scale Barding Armor
20:21 Gold Mining
20:22 Stone Mining
22:55 Hand Cart
22:52 Bow Saw
22:46 Heavy Plow
23:11 Chain Barding Armor
23:52 Stone Shaft Mining
23:41 Husbandry
24:52 Light Cavalry
25:55 Forging
27:58 Loom
35:20 Imperial Age
34:09 Iron Casting
35:57 Caravan
36:38 Elite Obuch
38:29 Blast Furnace
37:31 Scale Mail Armor
39:20 Winged Hussar
40:21 Chain Mail Armor
41:53 Crop Rotation
42:25 Arson
42:42 Squires
51:03 Lechitic Legacy
53:25 Pikeman
62:18 Plate Mail Armor
82:37 Spies/Treason
Connection lost

Rejoining the realm…

Still unreachable

The connection could not be restored.

Session expired

The server has moved on; the page needs a fresh start.